 Seeded DCSS version 0.29-a0-22-gbf593b16ee (webtiles) character file.

Game seed: 10000000011 (custom seed)

529 knot the Chopper (level 7, 0/79 HPs)
             Began as a Demonspawn Berserker on Jan 30, 2022.
             Was a Believer of Trog.
             Killed by nerve-wracking pain
             ... invoked by an orc priest
              (3 damage)
             ... on level 4 of the Dungeon.
             The game lasted 00:05:42 (2992 turns).

knot the Chopper (Demonspawn Berserker)             Turns: 2992, Time: 00:05:45

Health: 0/79       AC:  8    Str: 17    XL:     7   Next: 3%
Magic:  7/7        EV: 11    Int: 10    God:    Trog [**....]
Gold:   110        SH:  0    Dex: 13    Spells: 6/6 levels left

rFire   . . .      SeeInvis .   a - +0 hand axe
rCold   . . .      Faith    .   (no shield)
rNeg    . . .      Spirit   .   c - +0 ring mail
rPois   .          Reflect  .   o - +0 helmet
rElec   .          Harm     .   (no cloak)
rCorr   .          Rampage  .   (no gloves)
Will    .....                   (no boots)
Stlth   ..........              (no amulet)
HPRegen 1.23/turn               j - +4 ring of protection
MPRegen 0.10/turn               (no ring)

@: berserking, lethally poisoned (0 -> 0), very quick
A: hooves 1, powered by death 1, deformed body, deterioration 1, no potion heal
1
a: Renounce Religion, Berserk, Trog's Hand


You were on level 4 of the Dungeon.
You worshipped Trog.
Trog was pleased with you.
You visited 2 branches of the dungeon, and saw 6 of its levels.

You collected 110 gold pieces.

Inventory:

Hand Weapons
 a - a +0 hand axe (weapon)
Missiles
 b - 17 arrows
 d - 26 bolts
 f - 122 stones (quivered)
 l - 13 sling bullets
Armour
 c - a +0 ring mail (worn)
 o - a +0 helmet (worn)
Jewellery
 j - a +4 ring of protection (left hand)
Scrolls
 e - a scroll of magic mapping {unknown}
 n - a scroll of teleportation {unknown}
Potions
 g - a potion of haste {unknown}
 h - a potion of heal wounds
 q - a potion of invisibility {unknown}


   Skills:
 - Level 3.8 Fighting
 * Level 5.0 Axes
 * Level 3.4 Throwing
 - Level 2.7 Armour
 - Level 2.7 Dodging


You had 6 spell levels left.
You didn't know any spells.
Your spell library contained the following spells:

 Spells                   Type           Power      Damage    Failure   Level
 Foxfire                  Conj/Fire      0%         2x1d4     56%         1
 Ensorcelled Hibernation  Hex/Ice        0%         N/A       71%         2
 Passwall                 Tmut/Erth      0%         N/A       71%         2
 Conjure Flame            Conj/Fire      0%         6-21      90%         3
 Inner Flame              Hex/Fire       0%         N/A       90%         3
 Swiftness                Air            0%         N/A       90%         3
 Flame Wave               Conj/Fire      0%         2d4       100%        4


Dungeon Overview and Level Annotations

Branches:
Dungeon (5/15)             Temple (1/1) D:4

Altars:
Ashenzari
Cheibriados
Dithmenos
Fedhas
Gozag
Kikubaaqudgha
Makhleb
Nemelex Xobeh
Qazlal
Ru
Sif Muna
Trog
Uskayaw
Vehumet
Yredelemnul
The Shining One

Shops:
D:5 [


Innate Abilities, Weirdness & Mutations

You have large cloven feet.
You regenerate a little health from kills.
Armour fits poorly on your strangely shaped body.
Your body sometimes deteriorates upon taking damage.
Potions are less effective at restoring your health.


Message History

You hear a shout!
You slash the orc wizard!
The orc wizard is almost dead.
You hit the scorpion.
An orc comes into view. It is wielding a +0 falchion.
The orc wizard closely misses you. The scorpion stings you.
* * * LOW HITPOINT WARNING * * *
You are lethally poisoned!
The scorpion poisons you!
You slash the orc wizard!
You kill the orc wizard!
Trog accepts your kill.
Trog appreciates your killing of a magic user.
You hit the scorpion.
* * * LOW HITPOINT WARNING * * *
You feel very sick.
You slash the scorpion!
You kill the scorpion!
Trog accepts your kill.
You hit the orc.
* * * LOW HITPOINT WARNING * * *
You feel sick.
Your Axes skill increases to level 5!
You have reached level 7!
You barely miss the orc. You kick the orc.
You kill the orc!
Trog accepts your kill.
You feel sick.
You barely miss the orc.
You feel sick. The orc hits you but does no damage.
You slash the orc!
You kill the orc!
Trog accepts your kill.
You feel sick.
You slash the orc!
You kill the orc!
Trog accepts your kill.
You feel sick.
The orc priest calls down the wrath of Beogh upon you.
Pain shoots through your body!
You die...

###
################.#######
.......................(
################@######
#<# .o. ##... #(..#
#.... #....# #....# ##


You could see an orc priest.

Vanquished Creatures
  A sky beast (Temple)
  2 scorpions (D:4)
  An orc priest (D:4)
  An iguana (D:4)
  5 orc wizards
  A hound skeleton (D:4)
  3 adders
  3 gnolls
  3 dart slugs
  5 orcs (D:4)
  7 ball pythons
  5 endoplasms
  3 giant cockroaches
  4 goblins
  7 hobgoblins
  7 jackals (D:2)
  2 quokkas
  6 bats
  4 frilled lizards
  A kobold (D:1)
  7 rats
78 creatures vanquished.

Notes
Turn   | Place    | Note
-------+----------+-------------------------------------------
     0 | D:1      | knot the Demonspawn Berserker began the quest for the Orb.
     0 | D:1      | Reached XP level 1. HP: 18/18 MP: 1/1
   391 | D:1      | Gained mutation: You regenerate a little health from kills.
                  | [demonic ancestry]
   391 | D:1      | Reached XP level 2. HP: 24/24 MP: 2/2
   679 | D:1      | Reached skill level 3 in Axes
   791 | D:1      | Gained mutation: You have large cloven feet. [demonic
                  | ancestry]
   791 | D:1      | Reached XP level 3. HP: 25/29 MP: 3/3
   894 | D:1      | Reached ** piety under Trog
  1594 | D:2      | Reached XP level 4. HP: 36/36 MP: 4/4
  1698 | D:2      | Found a faded altar of an unknown god.
  2289 | D:3      | Found a broken altar of Ashenzari.
  2385 | D:3      | You fall into a shaft and drop 2 floors!
  2385 | D:5      | Entered Level 5 of the Dungeon
  2419 | D:5      | Found Qoullaryn's Antique Armour Emporium.
  2430 | D:4      | Found a staircase to the Ecumenical Temple.
  2444 | Temple   | Entered the Ecumenical Temple
  2622 | D:4      | Reached XP level 5. HP: 42/42 MP: 5/5
  2656 | D:4      | Noticed a sky beast
  2731 | Temple   | Gained mutation: You sometimes lose the ability to read
                  | scrolls when taking damage. [potion of mutation]
  2731 | Temple   | Gained mutation: Your spells are a little easier to cast,
                  | but a little less powerful. [potion of mutation]
  2731 | Temple   | Gained mutation: You are occasionally teleported next to
                  | monsters. [potion of mutation]
  2738 | Temple   | Reached skill level 1 in Throwing
  2740 | Temple   | Killed a sky beast
  2741 | Temple   | Reached skill level 4 in Axes
  2741 | Temple   | Reached XP level 6. HP: 48/48 MP: 6/6
  2795 | Temple   | Lost mutation: You sometimes lose the ability to read
                  | scrolls when taking damage. [potion of mutation]
  2795 | Temple   | Lost mutation: You are occasionally teleported next to
                  | monsters. [potion of mutation]
  2795 | Temple   | Lost mutation: Your spells are a little easier to cast, but
                  | a little less powerful. [potion of mutation]
  2795 | Temple   | Gained mutation: Potions are less effective at restoring
                  | your health. [potion of mutation]
  2795 | Temple   | Gained mutation: You have hidden genetic defects. [potion
                  | of mutation]
  2843 | D:4      | Gained mutation: Armour fits poorly on your strangely
                  | shaped body. [hidden defects]
  2900 | D:4      | Gained mutation: Your body sometimes deteriorates upon
                  | taking damage. [hidden defects]
  2900 | D:4      | Lost mutation: You have hidden genetic defects. [hidden
                  | defects expressed]
  2989 | D:4      | Reached skill level 5 in Axes
  2989 | D:4      | Reached XP level 7. HP: 5/53 MP: 7/7
  2990 | D:4      | HP: 3/79 [poisoned by a scorpion]
  2992 | D:4      | Killed from afar by an orc priest

Illustrated notes

Levels and vault maps discovered:
D:1:      shiori_arrival_oz, layout_loops_ring, chequers_serial_rivers_micro_a,
          roderic_roman_lattice
D:2:      layout_basic, hellmonk_ecumenical_altar_dog_temple,
          kennysheep_big_empty_room
D:3:      layout_basic, nicolae_ashenzari_panopticon, grunt_decor_clamped
D:4:      layout_basic, mainiacjoe_overflow_surrounded_room,
          lemuel_crystal_altar, minmay_temple_entry_slanted, minmay_surrounded
D:5:      layout_basic, serial_shops, shop_statue
Temple:   regret_index_temple_waves

Skill      XL: |  1  2  3  4  5  6 |
---------------+-------------------+-----
Armour         | 2 |  2.7
Dodging        | 2 |  2.7
Axes           | 3 4 5 |  5.0
Throwing       | 2 3 |  3.4
Fighting       | |  3.8

Action                   |  1- 3 |  4- 6 |  7- 9 || total
-------------------------+-------+-------+-------++-------
Melee: Hand axe          |   117 |   100 |     4 ||   221
       Punch             |     2 |     1 |       ||     3
       Kick              |     8 |    28 |     1 ||    37
Throw: Dart              |       |     3 |       ||     3
Invok: Berserk           |     5 |     4 |       ||     9
       Trog's Hand       |       |     3 |       ||     3
  Use: Potion            |       |     5 |       ||     5
Armor: Ring mail         |    41 |    48 |     1 ||    90
       Animal skin       |     1 |       |       ||     1
Dodge: Dodged            |    74 |    50 |       ||   124

Table legend: (Time is in decaauts)
 A = Elapsed time spent in this place.
 B = Non-inter-level travel time spent in this place.
 C = Inter-level travel time spent in this place.
 D = Time resting spent in this place.
 E = Time spent auto-exploring this place.
 F = Levels seen in this place.
 G = Mean time per level.
                   A        B        C        D        E       F      G
               +--------+--------+--------+--------+--------+-----+--------+
         Total |   3106 |   2951 |    155 |    872 |   1475 |   6 |  517.7 |
       Dungeon |   2838 |   2701 |    137 |    753 |   1383 |   5 |  567.6 |
        Temple |    268 |    250 |     18 |    119 |     92 |   1 |  268.0 |
               +--------+--------+--------+--------+--------+-----+--------+

Top non-repeatable levels by time:
     D:1: 1570 daAuts
     D:2: 711 daAuts
     D:4: 337 daAuts
  Temple: 268 daAuts
     D:3: 174 daAuts
     D:5: 44 daAuts
